 Dungeon Crawl Stone Soup version 0.25-a0-388-g41a7e554cb (webtiles) character file.

Game seed: 12737951399370398974, levelgen mode: deterministic

676 Borgoz the Cudgeler (level 7, -2/44 HPs)
             Began as a Gargoyle Gladiator on Jan 7, 2020.
             Killed by divine providence
             ... invoked by an orc priest
              (9 damage)
             ... on level 5 of the Dungeon.
             The game lasted 00:04:24 (3342 turns).

Borgoz the Cudgeler (Gargoyle Gladiator)            Turns: 3342, Time: 00:04:25

Health: -2/44      AC: 18    Str: 19    XL:     7   Next: 60%
Magic:  7/7        EV:  7    Int:  8    God:
Gold:   155        SH:  0    Dex: 12    Spells: 6/6 levels left

rFire    . . .     SeeInvis .   a - +0 flail
rCold    . . .     Gourm    .   (no shield)
rNeg     + . .     Faith    .   h - +0 plate armour
rPois    ∞         Spirit   .   c - +0 helmet
rElec    +         Reflect  .   g - +0 cloak
rCorr    .         Harm     .   (no gloves)
MR       .....                  (no boots)
Stlth    ..........             (no amulet)
HPRegen  0.14/turn              (no ring)
MPRegen  0.10/turn              (no ring)

@: no status effects
A: negative energy resistance 1, electricity resistance, unbreathing,
petrification resistance, rot immunity, AC +4
a: no special abilities


You were on level 5 of the Dungeon.
You were not hungry.

You visited 1 branch of the dungeon, and saw 5 of its levels.

You collected 155 gold pieces.

Inventory:

Hand Weapons
 a - a +0 flail (weapon)
Missiles
 d - 2 throwing nets (quivered)
Armour
 c - a +0 helmet (worn)
 g - a +0 cloak (worn)
 h - a +0 plate armour (worn)
Wands
 p - a wand of flame (18)
 v - a wand of polymorph (12)
Scrolls
 j - 2 scrolls of fear {unknown}
 l - 4 scrolls of remove curse
 m - a scroll of teleportation {unknown}
 o - a scroll of enchant weapon {unknown}
 q - 6 scrolls of identify
 s - a scroll of fog {unknown}
 u - 2 scrolls of blinking {unknown}
Potions
 b - a potion of heal wounds {unknown}
 e - a potion of might
 i - 3 potions of curing
 k - a potion of invisibility {unknown}
 n - a potion of cancellation {unknown}
 r - 4 potions of flight {unknown}
Comestibles
 f - 10 rations
 t - 11 chunks of flesh


   Skills:
 + Level 4.5 Fighting
 * Level 5.8 Maces & Flails
 - Level 1.7 Throwing
 + Level 3.6 Armour
 + Level 3.8 Dodging


You had 6 spell levels left.
You didn't know any spells.
Your spell library was empty.

Dungeon Overview and Level Annotations

Branches:
Dungeon (5/15)
 Temple: D:4-7

Altars:
Cheibriados
Fedhas
Qazlal

Shops:
D:5 [


Innate Abilities, Weirdness & Mutations

You are resistant to torment.
Your stone body is resilient. (AC +4)
You are immune to poison.
You resist negative energy. (rN+)
You are resistant to electric shocks. (rElec)
You can survive without breathing.
You are immune to petrification.
You are immune to rotting.


Message History

You hit the ogre.
The ogre is lightly wounded.
The ogre struggles against the net.
The ooze hits you but does no damage.
The orc priest hits you but does no damage.
You sock the ogre!
The ogre is moderately wounded.
The ogre struggles against the net.
The ooze barely misses you. The orc priest hits you.
You completely miss the ogre.
The ogre is moderately wounded.
The ogre struggles against the net.
The ooze barely misses you.
The orc priest invokes the aid of Beogh against you.
Beogh smites you!
* * * LOW HITPOINT WARNING * * *
You sock the ogre!
The ogre is severely wounded.
The ooze barely misses you.
The ogre struggles against the net.
The orc priest calls down the wrath of Beogh upon you.
Beogh smites you!
You die...

#.#.........#
#######........#.##
..........####.#.#
#######.### #.#.#
........#
#.#)#######
#######.#
#..[....... ###.#
###)####### #...##
#.# #.#@.# #.#
#.JOo# #.# #.##.#
#.# #. .# #.. # O#
### .# .# .#


You could see 2 ogres, an orc priest and an ooze.

Vanquished Creatures
  Sigmund (D:3)
  2 hounds
  8 orc wizards
  8 adders
  5 oozes
  An adder skeleton (D:4)
  8 worms
  2 dart slugs (D:1)
  A leopard gecko (D:3)
  14 orcs
  3 giant cockroaches
  5 goblins
  4 hobgoblins
  6 jackals
  9 kobolds
  A quokka (D:2)
  A ball python (D:2)
  9 bats
  3 frilled lizards (D:1)
  A jackal skeleton (D:4)
  A quokka skeleton (D:4)
  28 rats
121 creatures vanquished.

Notes
Turn   | Place    | Note
-------+----------+-------------------------------------------
     0 | D:1      | Borgoz the Gargoyle Gladiator began the quest for the Orb.
     0 | D:1      | Reached XP level 1. HP: 12/12 MP: 1/1
   175 | D:1      | Reached XP level 2. HP: 16/18 MP: 2/2
   313 | D:1      | Reached skill level 1 in Armour
   337 | D:1      | Reached XP level 3. HP: 22/22 MP: 3/3
   607 | D:2      | Found a snail-covered altar of Cheibriados.
   835 | D:2      | Reached XP level 4. HP: 27/27 MP: 4/4
   992 | D:2      | Reached skill level 4 in Maces & Flails
  1456 | D:3      | Reached XP level 5. HP: 32/32 MP: 5/5
  1981 | D:3      | Reached XP level 6. HP: 37/37 MP: 6/6
  1984 | D:3      | Noticed Sigmund
  2011 | D:3      | Killed Sigmund
  2011 | D:3      | Reached skill level 5 in Maces & Flails
  2679 | D:4      | Reached XP level 7. HP: 43/43 MP: 7/7
  2742 | D:4      | Found a blossoming altar of Fedhas.
  2755 | D:4      | Found a stormy altar of Qazlal.
  3046 | D:5      | Entered Level 5 of the Dungeon
  3046 | D:5      | Found Ahaxis's Armour Shop.
  3342 | D:5      | Killed from afar by an orc priest

Levels and vault maps discovered:
D:1:      minmay_arrival_loop, layout_basic, amethyst_killhole, moated_statue,
          chequers_serial_rivers_small_a, minmay_misc_feat_four_crosses
D:2:      layout_basic, lemuel_crystal_altar, minmay_rat_hole
D:3:      layout_loops_ring, first_ration, uniq_sigmund
D:4:      layout_loops_ring, grunt_temple_overflow_forces_of_nature
D:5:      layout_loops_ring, serial_shops,
          nicolae_shop_temple_entry_statues_fountains, minmay_manual_monolith

Skill      XL: |  1  2  3  4  5  6 |
---------------+-------------------+-----
Armour         | 1 2 3 |  3.6
Fighting       | 3 4 |  4.5
Maces & Flails | 4 5 |  5.8
Dodging        | 3 |  3.8
Throwing       | |  1.7

Action                   |  1- 3 |  4- 6 |  7- 9 || total
-------------------------+-------+-------+-------++-------
Melee: Flail             |   101 |   244 |    97 ||   442
Throw: Throwing net      |       |       |     1 ||     1
  Use: Scroll            |     3 |     1 |       ||     4
       Potion            |       |     1 |     1 ||     2
  Eat: Chunk             |       |     6 |     3 ||     9
Armor: Leather armour    |    62 |    48 |       ||   110
       Plate armour      |       |   102 |    94 ||   196
Dodge: Dodged            |    93 |   147 |    59 ||   299

Table legend:
 A = Non-vault XP
 B = Vault XP
 C = Vault XP percentage of total XP
 D = Non-vault monster count
 E = Vault monster count
 F = Vault count percentage of total count
                 A         B        C        D         E       F
            +---------+---------+-------+---------+---------+-------
      Total |     724 |     243 |  25.1 |     101 |      20 |  16.5
            +---------+---------+-------+---------+---------+-------
        D:1 |      55 |       0 |   0.0 |      23 |       0 |   0.0
        D:2 |      76 |      20 |  20.8 |      28 |      19 |  40.4
        D:3 |     222 |     223 |  50.1 |      25 |       1 |   3.8
        D:4 |     250 |       0 |   0.0 |      15 |       0 |   0.0
        D:5 |     121 |       0 |   0.0 |      10 |       0 |   0.0
            +---------+---------+-------+---------+---------+-------
